 Dungeon Crawl Stone Soup version 0.24-a0-378-g94936e5 (webtiles) character file.

Game seed: 6329100316134242208

96459 Spazmo the Scorcher (level 15, 0/86 HPs)
             Began as a Deep Elf Fire Elementalist on May 26, 2019.
             Was a High Priest of Vehumet.
             Slain by a tyrant leech (31 damage)
             ... on level 1 of the Swamp on June 2, 2019.
             The game lasted 01:42:44 (25970 turns).

Spazmo the Scorcher (Deep Elf Fire Elementalist)   Turns: 25970, Time: 01:42:44

Health: 0/86       AC:  9    Str:  5    XL:     15   Next: 69%
Magic:  6/34       EV: 21    Int: 30    God:    Vehumet [*****.]
Gold:   2466       SH: 11    Dex: 15    Spells: 11/40 levels left

rFire    . . .     SeeInvis .   J - +8 short sword (freeze)
rCold    . . .     Gourm    .   g - +1 buckler
rNeg     + + .     Faith    .   x - +2 robe {rN+}
rPois    .         Spirit   .   X - +2 helmet {Int+3}
rElec    .         Reflect  +   B - scarf {cloud immunity}
rCorr    .         Harm     .   t - +0 pair of gloves
MR       +....                  e - +0 pair of boots
Stlth    ++........             E - +5 amulet of reflection
HPRegen  0.24/turn              y - +2 ring of evasion
MPRegen  0.24/turn              A - ring of positive energy

@: about to teleport
A: no striking features
a: Renounce Religion


You were on level 1 of the Swamp.
You worshipped Vehumet.
Vehumet was extremely pleased with you.
You were not hungry.

You visited 5 branches of the dungeon, and saw 22 of its levels.

You collected 2466 gold pieces.

Inventory:

Hand Weapons
 w - the +5 scythe "Finisher" {speed, eviscerate}
   (You found it on level 9 of the Dungeon)

   Attacks with this weapon are significantly faster.
 J - a +8 short sword of freezing (weapon)
Missiles
 h - 482 stones (quivered)
Armour
 d - a +2 robe of fire resistance
 e - a +0 pair of boots (worn)
 g - a +1 buckler (worn)
 t - a +0 pair of gloves (worn)
 x - a +2 robe of positive energy (worn)
 B - a scarf of cloud immunity (worn)
 I - a +1 robe of cold resistance
 V - a +2 cloak
 X - a +2 helmet of intelligence (worn)
Jewellery
 p - an uncursed ring of resist corrosion
 y - a +2 ring of evasion (left hand)
 A - a ring of positive energy (right hand)
 E - a +5 amulet of reflection (around neck)
 G - an uncursed ring of ice
Wands
 s - a wand of iceblast (14)
 C - a wand of digging (12)
 H - a wand of disintegration (36)
 O - a wand of polymorph (5)
 Q - a wand of flame (12)
 S - a wand of acid (6)
 U - a wand of clouds (6)
Scrolls
 l - 7 scrolls of teleportation
 q - a scroll of identify
 r - 10 scrolls of remove curse
 D - 2 scrolls of holy word
 K - a scroll of enchant armour
 N - 3 scrolls of blinking
 P - a scroll of fog
 R - 2 scrolls of magic mapping
Potions
 a - a potion of cancellation
 b - a potion of flight
 i - a potion of mutation
 j - a potion of brilliance
 k - 9 potions of curing
 m - a potion of invisibility
 n - a potion of haste
 o - a potion of magic
 u - a potion of resistance {unknown}
 v - 2 potions of might
 z - a potion of heal wounds {unknown}
 F - a potion of agility {unknown}
 M - a potion of experience {unknown}
Comestibles
 c - 29 rations
 f - 8 chunks of flesh


   Skills:
 - Level 7.0 Fighting
 - Level 10.0 Dodging
 - Level 2.7 Stealth
 - Level 4.0 Shields
 + Level 13.3 Spellcasting
 + Level 16.2 Conjurations
 - Level 4.0 Translocations
 + Level 16.4 Fire Magic
 * Level 8.7 Earth Magic


You had 11 spell levels left.
You knew the following spells:

 Your Spells              Type           Power        Failure   Level  Hunger
a - Flame Tongue          Conj/Fire      #####        0%          1    None
b - Throw Flame           Conj/Fire      ######       0%          2    None
c - Conjure Flame         Conj/Fire      #######.     0%          3    None
d - Sticky Flame          Conj/Fire      #######.     1%          4    None
e - Fireball              Conj/Fire      #######...   1%          5    None
f - Force Lance           Conj/Tloc      ######..     1%          4    None
h - Bolt of Fire          Conj/Fire      #######...   1%          6    ####...
i - Sandblast             Erth           ######       1%          1    None
j - Stone Arrow           Conj/Erth      ######       1%          3    None

Your spell library contained the following spells:

 Spells                   Type           Power        Failure   Level  Hunger
 Freezing Cloud           Conj/Ice/Air   ######....   11%         6    ####...
 Magic Dart               Conj           ####         0%          1    None
 Searing Ray              Conj           ######       0%          2    None
 Freeze                   Ice            ###.         1%          1    None
 Passwall                 Tmut/Erth      #####...     1%          2    None
 Throw Frost              Conj/Ice       ######       1%          2    None
 Dazzling Spray           Conj/Hex       ######       1%          3    None
 Inner Flame              Hex/Fire       ######..     1%          3    None
 Fulminant Prism          Conj/Hex       ######....   1%          4    None
 Iskenderun's Mystic Bla  Conj           #######.     1%          4    None
 Throw Icicle             Conj/Ice       ######..     1%          4    None
 Lee's Rapid Deconstruct  Erth           ######....   1%          5    None
 Beastly Appendage        Tmut           ###...       2%          1    None
 Sticks to Snakes         Tmut           ###.....     3%          2    None
 Petrify                  Tmut/Erth      #####...     4%          4    None
 Ozocubu's Armour         Chrm/Ice       ###.....     8%          3    None
 Spider Form              Tmut/Pois      ###.......   8%          3    None
 Ice Form                 Ice/Tmut       ###.....     24%         4    None
 Summon Ice Beast         Ice/Summ       ###.....     24%         4    None
 Blade Hands              Tmut           ###.......   56%         5    None


Dungeon Overview and Level Annotations

Branches:
Dungeon (12/15)            Temple (1/1) D:5            Lair (6/6) D:10
  Swamp (1/4) Lair:2       Spider (0/4) Lair:2        Slime (0/5) Lair:6
    Orc (2/2) D:11            Elf (0/3) Orc:2

Altars:
Ashenzari
Cheibriados
Dithmenos
Elyvilon
Fedhas
Gozag
Hepliaklqana
Kikubaaqudgha
Makhleb
Nemelex Xobeh
Okawaru
Qazlal
Ru
Sif Muna
Trog
Uskayaw
Vehumet
Wu Jian
Xom
Yredelemnul
Zin
The Shining One

Shops:
D:6 [   Orc:2 [((*

Annotations:
Lair:3 1 runed translucent door, Baakeo's ghost, journeyman HOFi
Orc:1 2 transporters, Ymiebbum's ghost, journeyman HOFE


Message History

The slime creature misses you.
A swamp dragon comes into view.
The spiny frog stings you but does no damage.
The slime creature completely misses you.
The spiny frog stings you!
You are poisoned.
The spiny frog poisons you!
A tyrant leech comes into view.
You feel sick. The spiny frog completely misses you.
You feel sick.
You feel sick.
You feel sick.
As you read the scroll of teleportation, it crumbles to dust.
You feel strangely unstable.
You feel sick. The spiny frog closely misses you.
The tyrant leech barely misses you.
Unknown command.
You feel better.
The spiny frog stings you but does no damage.
The tyrant leech bites you!!
You die...

≈≈≈≈≈≈≈≈.......≈≈..≈♣♣
≈≈≈..≈≈≈..≈≈.≈.≈≈.≈♣♣
≈≈≈.......≈≈..≈D≈.≈♣ ♣≈
.≈≈≈.>..(...≈..≈≈..♣♣♣♣..
.≈÷..≈≈≈.≈♣.§..≈≈.(§♣≈≈..
.≈♣..≈≈≈.♣♣♣≈..≈.....≈...
.≈..≈♣≈♣♣♣♣♣♣♣≈..≈.≈≈≈≈≈.
≈..♣♣♣♣≈♣≈♣♣♣♣♣♣≈..≈≈≈≈≈.
..≈♣ ♣♣.....♣♣♣♣@w≈≈..≈≈.
≈≈♣♣♣♣....≈....FJ.....≈≈.
♣♣♣ ♣.≈..≈≈≈..≈≈.♣♣♣..♣≈.
♣ ♣♣≈≈≈..≈≈÷§≈≈≈≈♣ .♣♣ ♣
♣.≈≈≈.≈≈≈≈≈≈≈≈.♣ ♣
♣..≈≈.....≈≈≈.≈♣ ♣
♣≈....≈≈≈≈≈≈†.≈♣♣ ♣
♣♣>.≈≈≈≈≈≈≈≈≈≈.≈♣ ♣
♣♣.≈≈≈≈≈≈≈≈≈≈≈.♣


You could see a swamp dragon (wandering), a tyrant leech, a slime creature and a
spiny frog.

Vanquished Creatures
  A stone giant (Orc:1)
  Snorg (Orc:1)
  Josephine (Orc:1)
  Fannar (Lair:3)
  Erolcha (Orc:2)
  A rakshasa (D:12)
  5 catoblepae
  10 hydras
  4 ogre magi (Orc:2)
  An anaconda (Lair:6)
  19 two-headed ogres
  A centaur warrior (D:12)
  7 alligators
  9 death yaks
  Urug (Lair:2)
  2 swamp dragons (Swamp:1)
  An orc knight (Orc:2)
  A wolf spider zombie (D:11)
  A wolf spider (Lair:6)
  An ugly thing (D:11)
  3 manticores
  17 elephants
  A deep elf mage (D:12)
  Maurice (Orc:1)
  5 black mambas
  2 centaur zombies
  A guardian serpent (shapeshifter) (D:12)
  Psyche (D:11)
  23 spiny frogs
  A torpor snail (Lair:5)
  A rime drake (Lair:6)
  8 komodo dragons
  2 hornets
  A jumping spider (Lair:2)
  2 polar bears
  A troll (D:11)
  8 slime creatures
  11 blink frogs
  Grinder (D:5)
  2 tyrant leeches (Lair:2)
  7 dream sheep (Lair:4)
  A bog body (Swamp:1)
  10 hippogriffs
  Sigmund (D:2)
  A centaur simulacrum (D:10)
  44 yaks
  A shadow (D:11)
  5 wraiths (Orc:1)
  5 wyverns
  A hog (shapeshifter) (D:12)
  A steam dragon (Lair:5)
  A hungry ghost (D:8)
  2 basilisks
  2 vampire mosquitoes (Swamp:1)
  4 wargs
  3 swamp worms
  10 water moccasins
  8 porcupines
  15 orc warriors
  2 sky beasts
  An eye of draining (D:9)
  4 black bears
  A hornet zombie (D:11)
  A necrophage (D:7)
  5 ice beasts
  28 ogres
  2 centaurs (D:9)
  33 wolves
  15 crocodiles
  Blork the orc (D:5)
  2 big kobolds
  12 bullfrogs
  2 scorpions
  3 killer bees (D:9)
  2 electric eels
  8 wights (D:8)
  4 howler monkeys
  2 crimson imps
  A bullfrog zombie (D:11)
  2 quasits
  6 hounds
  5 jellies
  2 centaur skeletons
  12 orc priests
  14 orc wizards
  5 bullfrog skeletons
  5 iguanas
  6 worker ants
  7 hell rats (Lair:5)
  A worker ant zombie (D:5)
  A howler monkey skeleton (D:9)
  4 gnolls (D:8)
  10 adders
  2 white imps (D:10)
  3 oozes
  An adder zombie (D:9)
  An adder skeleton (D:7)
  A worm (D:2)
  5 dart slugs
  5 leopard geckos
  53 orcs
  6 bats
  6 giant cockroaches
  5 goblins
  9 hobgoblins
  15 jackals
  3 quokkas
  A ball python (D:3)
  A ball python zombie (D:6)
  8 frilled lizards
  10 kobolds
  11 rats
  6 plants (Lair:4)
644 creatures vanquished.

Vanquished Creatures (others)
  An alligator (Lair:2)
  A wolf (Lair:6)
  11 fungi
  14 plants
27 creatures vanquished.

Grand Total: 671 creatures vanquished

Notes
Turn   | Place    | Note
-------+----------+-------------------------------------------
     0 | D:1      | Spazmo the Deep Elf Fire Elementalist began the quest for
                  | the Orb.
     0 | D:1      | Reached XP level 1. HP: 10/10 MP: 6/6
   125 | D:1      | Reached XP level 2. HP: 7/15 MP: 1/8
   129 | D:1      | Learned a level 2 spell: Throw Flame
   539 | D:1      | Reached XP level 3. HP: 19/19 MP: 1/10
   624 | D:1      | Learned a level 3 spell: Conjure Flame
  1142 | D:2      | Reached XP level 4. HP: 16/24 MP: 3/12
  1150 | D:2      | Learned a level 4 spell: Sticky Flame
  1386 | D:2      | Noticed Sigmund
  1426 | D:2      | Killed Sigmund
  1426 | D:2      | Reached skill level 5 in Spellcasting
  1426 | D:2      | Reached XP level 5. HP: 7/28 MP: 3/14
  1912 | D:3      | Found a stormy altar of Qazlal.
  2104 | D:3      | Found a shattered altar of Ashenzari.
  2195 | D:3      | Reached XP level 6. HP: 32/32 MP: 9/15
  2203 | D:3      | Reached skill level 5 in Fire Magic
  2210 | D:3      | Learned a level 5 spell: Fireball
  2313 | D:3      | Noticed an orc warrior
  2688 | D:4      | Found a glowing silver altar of Zin.
  2727 | D:4      | Noticed a hippogriff
  2843 | D:4      | Reached XP level 7. HP: 25/36 MP: 11/18
  3117 | D:4      | Upgraded the game from 0.24-a0-361-g5716139 to
                  | 0.24-a0-365-ga4d96b6
  3142 | D:4      | Killed a hippogriff
  3142 | D:4      | Reached skill level 1 in Shields
  3142 | D:4      | Reached skill level 5 in Conjurations
  3424 | D:5      | Entered Level 5 of the Dungeon
  3506 | D:5      | Got a fine spear
  3507 | D:5      | Identified the +7 spear of Sloth {protect, *Drain *Slow
                  | +Blink Int+6} (You found it on level 5 of the Dungeon)
  3608 | D:5      | Noticed Blork the orc
  3623 | D:5      | Killed Blork the orc
  3628 | D:5      | Found a deep blue altar of Sif Muna.
  3777 | D:5      | Noticed Grinder
  3782 | D:5      | Killed Grinder
  3782 | D:5      | Reached XP level 8. HP: 32/41 MP: 11/21
  3883 | D:5      | Found a staircase to the Ecumenical Temple.
  3891 | Temple   | Entered the Ecumenical Temple
  3949 | Temple   | Became a worshipper of Vehumet
  4392 | D:5      | Found a glowing golden altar of the Shining One.
  5008 | D:6      | Found Vimamaw's Antique Armour Emporium.
  5463 | D:7      | Reached XP level 9. HP: 45/45 MP: 16/23
  5713 | D:7      | Reached * piety under Vehumet
  5713 | D:7      | Offered knowledge of Sting by Vehumet.
  6073 | D:7      | Found an opulent altar of Gozag.
  6379 | D:7      | Found a sacrificial altar of Ru.
  6379 | D:7      | Found a burning altar of Makhleb.
  6926 | D:8      | Reached skill level 10 in Spellcasting
  7102 | D:8      | Offered knowledge of Shock by Vehumet.
  7224 | D:8      | Found a stormy altar of Qazlal.
  7228 | D:8      | Reached ** piety under Vehumet
  7244 | D:8      | Reached XP level 10. HP: 49/49 MP: 12/26
  7287 | D:8      | Found a glowing silver altar of Zin.
  7287 | D:8      | Found an iron altar of Okawaru.
  7289 | D:8      | Found a shimmering altar of Xom.
  7289 | D:8      | Found a glowing silver altar of Zin.
  7289 | D:8      | Found a radiant altar of Vehumet.
  7397 | D:8      | Found a blossoming altar of Fedhas.
  7552 | D:9      | Found the +5 scythe "Finisher" {speed, eviscerate}
  7623 | D:9      | Learned a level 4 spell: Force Lance
  7647 | D:9      | Noticed a two-headed ogre
  7656 | D:9      | Killed a two-headed ogre
  7916 | D:9      | Reached skill level 10 in Fire Magic
  8239 | D:9      | Offered knowledge of Ignite Poison by Vehumet.
  8525 | D:10     | Entered Level 10 of the Dungeon
  8884 | D:10     | Reached skill level 10 in Conjurations
  8901 | D:10     | Found a blossoming altar of Fedhas.
  8905 | D:10     | Noticed a two-headed ogre
  8914 | D:10     | Killed a two-headed ogre
  8914 | D:10     | Reached skill level 1 in Fighting
  8989 | D:10     | Noticed a six-headed hydra
  9004 | D:10     | Killed a six-headed hydra
  9004 | D:10     | Reached *** piety under Vehumet
  9004 | D:10     | Reached skill level 5 in Dodging
  9004 | D:10     | Reached XP level 11. HP: 22/58 MP: 10/27
  9331 | D:10     | Found a staircase to the Lair.
  9933 | Lair:1   | Entered Level 1 of the Lair of Beasts
 10033 | Lair:1   | Offered knowledge of Mephitic Cloud by Vehumet.
 10038 | Lair:1   | Learned a level 3 spell: Mephitic Cloud
 10534 | Lair:1   | Reached skill level 5 in Fighting
 10544 | Lair:1   | Reached **** piety under Vehumet
 10885 | Lair:1   | Offered knowledge of Venom Bolt by Vehumet.
 10908 | Lair:1   | Noticed a four-headed hydra
 10916 | Lair:1   | Killed a four-headed hydra
 11670 | Lair:2   | Reached XP level 12. HP: 70/70 MP: 22/28
 11698 | Lair:2   | Reached skill level 10 in Dodging
 11827 | Lair:2   | Noticed a seven-headed hydra
 11848 | Lair:2   | Killed a seven-headed hydra
 12082 | Lair:2   | Noticed Urug
 12274 | Lair:2   | Killed Urug
 12330 | Lair:2   | Found a white marble altar of Elyvilon.
 12524 | Lair:2   | Found a hole to the Spider Nest.
 12605 | Lair:2   | Found a staircase to the Swamp.
 13191 | Lair:3   | Noticed a death yak
 13214 | Lair:3   | Noticed a death yak
 13215 | Lair:3   | Noticed a death yak
 13221 | Lair:3   | Killed a death yak
 13227 | Lair:3   | Noticed a death yak
 13239 | Lair:3   | Found a runed translucent door.
 13245 | Lair:3   | Killed a death yak
 13279 | Lair:3   | Killed a death yak
 13302 | Lair:3   | Killed a death yak
 13430 | Lair:3   | Found a shimmering altar of Xom.
 13430 | Lair:3   | Noticed Baakeo's ghost (journeyman HOFi)
 13469 | Lair:3   | Noticed Fannar
 13479 | Lair:3   | Killed Fannar
 14031 | Lair:4   | Reached ***** piety under Vehumet
 14149 | Lair:4   | Reached XP level 13. HP: 75/75 MP: 25/32
 14161 | Lair:4   | Offered knowledge of Bolt of Fire by Vehumet.
 14169 | Lair:4   | Learned a level 6 spell: Bolt of Fire
 15836 | Lair:5   | Got a polished flail
 15837 | Lair:5   | Identified the +5 flail of Mayhem {crush, *Rage +Blink
                  | rC+++ Dex-3} (You found it on level 5 of the Lair of
                  | Beasts)
 17055 | Lair:6   | Entered Level 6 of the Lair of Beasts
 17926 | Lair:6   | Reached XP level 14. HP: 69/81 MP: 16/33
 18402 | Lair:6   | Upgraded the game from 0.24-a0-365-ga4d96b6 to
                  | 0.24-a0-378-g94936e5
 18665 | Lair:6   | Found a staircase to the Slime Pits.
 18679 | Lair:6   | Offered knowledge of Bolt of Draining by Vehumet.
 19401 | Lair:6   | Reached skill level 15 in Fire Magic
 19941 | Lair:6   | Reached skill level 15 in Conjurations
 20456 | D:11     | Noticed Psyche
 20462 | D:11     | Killed Psyche
 20639 | D:11     | Found a shimmering altar of Xom.
 20697 | D:11     | Found a staircase to the Orcish Mines.
 20725 | D:11     | Learned a level 1 spell: Sandblast
 20729 | D:11     | Learned a level 3 spell: Stone Arrow
 20782 | D:11     | Reached skill level 1 in Earth Magic
 20945 | D:11     | Got a jewelled hand crossbow
 20946 | D:11     | Identified the +9 hand crossbow of Integrity {velocity,
                  | rN+++ Dex-4 SInv} (You found it on level 11 of the Dungeon)
 21147 | Orc:1    | Entered Level 1 of the Orcish Mines
 21152 | Orc:1    | Noticed Maurice
 21155 | Orc:1    | Killed Maurice
 21263 | Orc:1    | Noticed a stone giant
 21266 | Orc:1    | Killed a stone giant
 21461 | Orc:1    | Found a transporter.
 21483 | Orc:1    | Noticed Josephine
 21493 | Orc:1    | Killed Josephine
 21649 | Orc:1    | Noticed Snorg
 21653 | Orc:1    | Killed Snorg
 21737 | Orc:1    | Noticed Ymiebbum's ghost (journeyman HOFE)
 21772 | Orc:1    | Found a transporter.
 21950 | Orc:2    | Entered Level 2 of the Orcish Mines
 21950 | Orc:2    | Found a staircase to the Elven Halls.
 22071 | Orc:2    | Noticed Erolcha
 22073 | Orc:2    | Killed Erolcha
 22515 | Orc:2    | Paralysed by an ogre mage for 7 turns
 22528 | Orc:2    | Offered knowledge of Bolt of Magma by Vehumet.
 22528 | Orc:2    | Reached XP level 15. HP: 11/85 MP: 14/34
 22972 | Orc:2    | Reached skill level 5 in Earth Magic
 23662 | Orc:2    | Found Comuv's Weapon Emporium.
 23662 | Orc:2    | Found Nyotules's Assorted Antiques.
 23663 | Orc:2    | Found Worikhea's Armour Boutique.
 23663 | Orc:2    | Found Matup's Weapon Emporium.
 24955 | Swamp:1  | Entered Level 1 of the Swamp
 25928 | Swamp:1  | Offered knowledge of Freezing Cloud by Vehumet.
 25970 | Swamp:1  | Slain by a tyrant leech

Levels and vault maps discovered:
D:1:      dpeg_arrival_fog, layout_loops_ring
D:2:      layout_basic, minmay_indecisive_spiral, uniq_sigmund
D:3:      layout_loops_ring, cheibrodos_ashenzari_chains,
          grunt_decor_one_mirror, nicolae_qazlal_general_emergency
D:4:      layout_loops_ring, lemuel_round_altar, first_ration,
          minmay_manual_maat
D:5:      layout_loops_corners, tgw_sif, minmay_temple_entry_trees,
          hangedman_abyss_or_decor_stagger, nicolae_tso_swordbearing_angel,
          uniq_grinder
D:6:      layout_basic, serial_shops, kennysheep_mini_moat, st_stairs_14,
          hangedman_decor_opposing
D:7:      layout_basic, kennysheep_little_box, gammafunk_temple_overflow_pools
D:8:      layout_basic, doesnt_xom_only_xom, overflow_temple_1_default
D:9:      layout_roguey, grunt_ogre_cave, serial_bayou_pond_c
D:10:     layout_grid_maze, due_lair_maze_entry_diamond, serial_ice,
          serial_ice_f, serial_ice_b, serial_ice_h, serial_ice_m, fedhas_altar_1
D:11:     layout_long_grid, david_orc_1_choice, basic_altar, uniq_psyche
D:12:     minmay_dotted_concentric_squares, layout_long_grid,
          grunt_ministairs_11, uniq_nergalle
Temple:   nicolae_temple_great_sept
Lair:1:   layout_small_grid, grunt_forest_large_clearings
Lair:2:   layout_cave_pods, minmay_swamp_entry_worms, spider_nest_entry_a,
          basic_altar, uniq_urug
Lair:3:   layout_cave_pods, ebering_ghost_xom, gauntlet_entry_generic,
          uniq_fannar
Lair:4:   layout_layer_cave, serial_bayou_lagoon_a
Lair:5:   layout_cave_pods, beast_lair_carwin_8
Lair:6:   evilmike_catoblepas_cave, layout_big_grid,
          nicolae_slime_entry_slimehenge, chequers_serial_rivers_micro_c,
          minmay_shattered_shrine
Swamp:1:  layout_basic_swamp, evilmike_swamp_ruin_house_4
Orc:1:    layout_caves, gammafunk_ghost_stat_death, uniq_josephine, uniq_snorg,
          uniq_maurice
Orc:2:    st_orc_ogre_mass, layout_diamond_mine, nicolae_orc_lava_room,
          uniq_erolcha

Skill      XL: |  1  2  3  4  5  6  7  8  9 10 11 12 13 14 15 |
---------------+----------------------------------------------+-----
Conjurations   | 2 3 4 5 6 8 10 11 13 15 16 | 16.2
Spellcasting   | 4 5 6 7 8 10 13 | 13.3
Fire Magic     | 4 5 6 7 9 10 11 14 15 16 | 16.4
Shields        | 2 3 4 |  4.0
Translocations | 4 |  4.0
Fighting       | 2 6 7 |  7.0
Dodging        | 5 9 10 | 10.0
Earth Magic    | 4 8 |  8.7
Stealth        | |  2.7

Action                   |  1- 3 |  4- 6 |  7- 9 | 10-12 | 13-15 || total
-------------------------+-------+-------+-------+-------+-------++-------
Melee: Short sword       |     2 |    11 |    46 |    21 |    18 ||    98
       Whip              |       |       |    11 |       |       ||    11
       Scythe            |       |       |       |    12 |       ||    12
Throw: Stone             |     2 |     2 |    11 |     9 |     2 ||    26
 Cast: Flame Tongue      |    67 |    87 |   233 |   365 |   518 ||  1270
       Throw Flame       |     2 |     1 |    27 |    46 |    68 ||   144
       Sticky Flame      |       |     2 |    13 |    79 |   126 ||   220
       Conjure Flame     |       |     1 |       |     5 |     7 ||    13
       Fireball          |       |       |     3 |    26 |    65 ||    94
       Force Lance       |       |       |       |    11 |    25 ||    36
       Bolt of Fire      |       |       |       |       |    89 ||    89
       Mephitic Cloud    |       |       |       |       |     1 ||     1
       Sandblast         |       |       |       |       |     6 ||     6
       Stone Arrow       |       |       |       |       |    11 ||    11
  Use: Potion            |     2 |     1 |     3 |     2 |     2 ||    10
       Scroll            |     2 |     3 |     4 |     6 |    13 ||    28
  Eat: Chunk             |     1 |     2 |    11 |    24 |    43 ||    81
       Ration            |       |     1 |     1 |       |     3 ||     5
Armor: Robe              |     4 |     6 |    24 |    12 |    36 ||    82
       Skin              |       |       |       |     1 |       ||     1
Dodge: Dodged            |    14 |    18 |    51 |   115 |   233 ||   431
Block: Buckler           |     4 |     4 |    21 |    86 |   146 ||   261
       Other             |       |       |       |     3 |       ||     3
       Reflection        |       |       |       |     1 |     8 ||     9

Table legend:
 A = Non-vault XP
 B = Vault XP
 C = Vault XP percentage of total XP
 D = Non-vault monster count
 E = Vault monster count
 F = Vault count percentage of total count
                 A         B        C        D         E       F
            +---------+---------+-------+---------+---------+-------
      Total |   78193 |   59606 |  43.3 |     461 |     178 |  27.9
            +---------+---------+-------+---------+---------+-------
        D:1 |      50 |       0 |   0.0 |      28 |       0 |   0.0
        D:2 |      56 |     246 |  81.5 |      15 |       5 |  25.0
        D:3 |     189 |       0 |   0.0 |      24 |       0 |   0.0
        D:4 |     130 |     484 |  78.8 |      11 |       8 |  42.1
        D:5 |     293 |     366 |  55.5 |      14 |       2 |  12.5
        D:6 |     850 |      39 |   4.4 |      16 |       2 |  11.1
        D:7 |    1083 |       0 |   0.0 |      19 |       0 |   0.0
        D:8 |    2048 |       0 |   0.0 |      36 |       0 |   0.0
        D:9 |    2608 |     118 |   4.3 |      34 |       1 |   2.9
       D:10 |    3297 |    2567 |  43.8 |      13 |      20 |  60.6
       D:11 |    4170 |    1436 |  25.6 |      13 |       9 |  40.9
       D:12 |    1579 |    3866 |  71.0 |      10 |       7 |  41.2
     Lair:1 |    5489 |    2823 |  34.0 |      21 |      24 |  53.3
     Lair:2 |    7519 |    2002 |  21.0 |      19 |       6 |  24.0
     Lair:3 |    6000 |    1007 |  14.4 |      13 |       1 |   7.1
     Lair:4 |    5815 |       0 |   0.0 |      27 |       0 |   0.0
     Lair:5 |   14668 |    4180 |  22.2 |      49 |       9 |  15.5
     Lair:6 |   10137 |   17757 |  63.7 |      35 |      38 |  52.1
    Swamp:1 |    7937 |       0 |   0.0 |      18 |       0 |   0.0
      Orc:1 |    2833 |    3807 |  57.3 |      28 |       8 |  22.2
      Orc:2 |    1442 |   18908 |  92.9 |      18 |      38 |  67.9
            +---------+---------+-------+---------+---------+-------
